 Dungeon Crawl Stone Soup version 0.28-a0-32-g8dfe7f97f6 (webtiles) character file.

Game seed: 16879132696959920420

2630 Shayle the Reanimator (level 9, -9/79 HPs)
             Began as a Palentonga Necromancer on July 27, 2021.
             Mangled by a kobold brigand (10 damage)
             ... on level 7 of the Dungeon.
             The game lasted 00:23:11 (8048 turns).

Shayle the Reanimator (Palentonga Necromancer)      Turns: 8048, Time: 00:23:12

Health: -9/79      AC: 14    Str: 12    XL:     9   Next: 35%
Magic:  0/15       EV:  9    Int: 19    God:
Gold:   219        SH:  0    Dex: 10    Spells: 3/16 levels left

rFire   . . .      SeeInvis +   r - +2 whip (holy)
rCold   . . .      Faith    .   (no shield)
rNeg    + . .      Spirit   +   a - +0 robe
rPois   .          Reflect  .   (no helmet)
rElec   .          Harm     .   h - +2 cloak
rCorr   .          Rampage  .   (no gloves)
Will    .....                   (no barding)
Stlth   +.........              y - amulet of guardian spirit
HPRegen 0.23/turn               d - ring of positive energy
MPRegen 0.14/turn               n - ring of wizardry

@: on berserk cooldown, slowed, curled up, very slow
A: large, rugged brown scales 3, see invisible, deformed body, roll 1, armoured
tail, reflexive curl
a: Rolling Charge


You were on level 7 of the Dungeon.
You visited 1 branch of the dungeon, and saw 7 of its levels.

You collected 339 gold pieces.
You spent 120 gold pieces at shops.

Inventory:

Hand Weapons
 c - a +2 hand axe of venom
 r - a +2 whip of holy wrath (weapon)
 u - a +4 spear of venom
Armour
 a - a +0 robe (worn)
 h - a +2 cloak (worn)
 v - a +1 ring mail of poison resistance
Jewellery
 d - a ring of positive energy (left hand)
 n - a ring of wizardry (right hand)
 y - an amulet of guardian spirit (around neck)
Wands
 l - a wand of iceblast (5)
 o - a wand of mindburst (4)
Scrolls
 f - a scroll of vulnerability
 j - 3 scrolls of amnesia
 p - 3 scrolls of teleportation
 q - a scroll of enchant weapon
 s - a scroll of immolation
Potions
 b - 3 potions of brilliance
 i - 2 potions of attraction {unknown}
 k - a potion of haste {unknown}
 m - a potion of cancellation {unknown}
 t - a potion of might {unknown}
 w - a potion of flight
 x - 2 potions of resistance
 z - a potion of berserk rage


   Skills:
 + Level 8.1 Fighting
 - Level 1.5 Dodging
 - Level 1.2 Stealth
 + Level 4.0 Spellcasting
 + Level 9.1 Necromancy
 + Level 3.3 Evocations


You had 3 spell levels left.
You knew the following spells:

 Your Spells              Type           Power      Damage    Failure   Level
a - Pain                  Necr           100%       1d9       1%          1
b - Vampiric Draining     Necr           19%        2d8       1%          3
c - Animate Dead          Necr           19%        N/A       1%          4
d - Agony                 Necr           38%        N/A       3%          5

Your spell library contained the following spells:

 Spells                   Type           Power      Damage    Failure   Level
 Animate Skeleton         Necr           76%        N/A       1%          1
 Foxfire                  Conj/Fire      12%        2x1d4     6%          1
 Conjure Flame            Conj/Fire      3%         6-21      16%         3
 Ignite Poison            Fire/Tmut/Pois 3%         N/A       16%         3
 Inner Flame              Hex/Fire       3%         N/A       16%         3
 Mephitic Cloud           Conj/Pois/Air  3%         N/A       16%         3
 Hailstorm                Conj/Ice       3%         3d3       45%         4
 Ice Form                 Ice/Tmut       3%         N/A       45%         4
 Simulacrum               Ice/Necr       10%        N/A       75%         6
 Bolt of Magma            Conj/Fire/Erth 1%         4d4       80%         5


Dungeon Overview and Level Annotations

Branches:
Dungeon (7/15)
 Temple: D:4-7

Altars:
Nemelex Xobeh
The Shining One

Shops:
D:5 ?

Annotations:
D:2 Jessica
D:7 2 transporters, indyram44's ghost, novice DsFi


Innate Abilities, Weirdness & Mutations

You are completely covered in rugged brown scales. (AC +3, +7% HP)
You have supernaturally acute eyesight. (SInv)
Armour fits poorly on your strangely shaped body.
You can roll at nearby foes to attack.
You have a long armoured tail.
You curl defensively after being hit.


Message History

The hornet zombie hits you but does no damage.
Unknown command.
The hornet zombie hits you.
* * * LOW HITPOINT WARNING * * *
You barely miss the hornet zombie.
The hornet zombie is severely damaged.
The hornet zombie hits you but does no damage.
The hornet zombie hits you!
* * * LOW HITPOINT WARNING * * *
Unknown command.
Okay, then.
A red film seems to cover your vision as you go berserk!
You feel yourself moving faster!
You feel mighty!
The hornet zombie hits you but does no damage.
The hornet zombie closely misses you.
You barely miss the hornet zombie. You tail-slap the hornet zombie.
The hornet zombie is severely damaged.
Indyram44's ghost says, "You can hit me, but you can't hurt me."
The hornet zombie hits you!
* * * LOW HITPOINT WARNING * * *
You whack the hornet zombie!
The hornet zombie convulses.
The hornet zombie is almost destroyed.
The hornet zombie hits you.
* * * LOW HITPOINT WARNING * * *
The hornet zombie hits you but does no damage.
You closely miss the hornet zombie. You tail-slap the hornet zombie.
The hornet zombie is almost destroyed.
The hornet zombie hits you but does no damage.
Unknown command.
You whack the hornet zombie!
You destroy the hornet zombie!
Your Spellcasting skill increases to level 4!
You feel a strong urge to attack something.
You are no longer berserk.
You are exhausted.
You feel as though you will be slow longer.
The kobold brigand hits you with a +2 whip of electrocution.
* * * LOW HITPOINT WARNING * * *
You are electrocuted!
You die...

..K....###########...##..
.......'.............##.#
......#.................
##...........######.##.#
#............# ###.##÷.
#......>.########.......
##........#W....©###.##..
.....####K#O.##..#...##..
........@.#O#..# #...##..
......K...#.#.?# #...##..
.........©#(.##..#...##..
.....#....#}....©#....#..
.......#.©#[.##. #....+..
..........#.#.. .#.l..#..
.......>..#.#..# #.......
.....##...#.. #. #......
#......


You could see a kobold brigand, 2 ogres, indyram44's ghost and a kobold.

Vanquished Creatures
  Grinder (D:4)
  Prince Ribbit (D:5)
  Eustachio (D:5)
  2 water moccasins
  A hornet zombie (D:7)
  An ice beast (D:7)
  3 necrophages
  An ogre (D:4)
  2 centaurs (D:5)
  2 phantoms
  4 scorpions
  A water moccasin skeleton (D:5)
  2 electric eels (D:6)
  2 howler monkeys
  A centaur zombie (D:7)
  A bullfrog zombie (D:6)
  An orc priest (D:4)
  4 hounds
  4 iguanas
  2 orc wizards (D:5)
  2 hound skeletons
  6 adders
  7 gnolls
  2 white imps (D:5)
  An adder skeleton (D:4)
  A worm (D:3)
  2 dart slugs
  7 orcs
  6 bats
  10 endoplasms
  2 giant cockroaches
  7 hobgoblins
  5 jackals (D:5)
  3 quokkas
  5 ball pythons
  4 frilled lizards
  11 goblins
  A jackal skeleton (D:4)
  5 kobolds
  6 rats
130 creatures vanquished.

Notes
Turn   | Place    | Note
-------+----------+-------------------------------------------
     0 | D:1      | Shayle the Palentonga Necromancer began the quest for the
                  | Orb.
     0 | D:1      | Reached XP level 1. HP: 13/13 MP: 3/3
   465 | D:1      | Reached skill level 1 in Fighting
   547 | D:1      | Reached XP level 2. HP: 22/22 MP: 5/5
  1167 | D:2      | Found a faded altar of an unknown god.
  1286 | D:2      | Noticed Jessica
  1358 | D:2      | Reached XP level 3. HP: 27/28 MP: 6/6
  1381 | D:2      | Found a sparkling altar of Nemelex Xobeh.
  1995 | D:3      | Reached XP level 4. HP: 31/36 MP: 7/7
  2082 | D:2      | Reached skill level 5 in Necromancy
  2342 | D:2      | Learned a level 3 spell: Vampiric Draining
  2542 | D:3      | Reached XP level 5. HP: 34/43 MP: 8/8
  2928 | D:4      | Noticed an ogre
  2928 | D:4      | Noticed a phantom
  2940 | D:3      | Killed a phantom
  3352 | D:4      | Noticed Grinder
  3356 | D:4      | Killed Grinder
  3357 | D:4      | Reached skill level 6 in Necromancy
  3357 | D:4      | Reached XP level 6. HP: 53/53 MP: 9/9
  3424 | D:4      | Reached skill level 5 in Fighting
  3424 | D:4      | Gained mutation: You curl defensively after being hit.
                  | [Palentonga growth]
  3424 | D:4      | Reached XP level 7. HP: 59/59 MP: 10/10
  3837 | D:4      | Reached skill level 7 in Necromancy
  4257 | D:5      | Entered Level 5 of the Dungeon
  4734 | D:5      | Reached XP level 8. HP: 54/69 MP: 11/11
  5201 | D:5      | Reached skill level 8 in Necromancy
  5497 | D:5      | Noticed Eustachio
  5514 | D:5      | Killed Eustachio
  5515 | D:5      | Reached skill level 1 in Evocations
  5604 | D:5      | Noticed Prince Ribbit
  5633 | D:5      | Killed Prince Ribbit
  5798 | D:5      | Found Yqewke's Magic Scroll Emporium.
  5806 | D:5      | Bought a scroll of fear for 38 gold pieces
  5806 | D:5      | Bought a scroll of vulnerability for 82 gold pieces
  6098 | D:5      | Learned a level 4 spell: Animate Dead
  6104 | D:5      | Learned a level 5 spell: Agony
  6436 | D:6      | Reached XP level 9. HP: 29/78 MP: 4/14
  6976 | D:6      | Found a glowing golden altar of the Shining One.
  7439 | D:7      | Reached skill level 9 in Necromancy
  8009 | D:7      | Noticed indyram44's ghost (novice DsFi)
  8010 | D:7      | Found a transporter.
  8010 | D:7      | Found a transporter.
  8032 | D:7      | HP: 3/79 [hornet zombie (7)]
  8043 | D:7      | HP: 2/118 [hornet zombie (4)]
  8048 | D:7      | HP: 1/79 [kobold brigand (1)]
  8048 | D:7      | Mangled by a kobold brigand

Illustrated notes

Levels and vault maps discovered:
D:1:      wheals_arrival_linesprint, layout_basic
D:2:      layout_basic, chequers_ecumenical_altar_simple_redux, basic_altar,
          uniq_jessica
D:3:      layout_rooms, minmay_crystal_room
D:4:      layout_loops_ring, kennysheep_cross_bottleneck, uniq_grinder
D:5:      layout_gridville, serial_shops, nicolae_shop_statue_plus,
          hangedman_abyss_or_decor_stagger, uniq_prince_ribbit1, uniq_eustachio
D:6:      layout_cave_pools, mainiacjoe_overflow_alcove_4, water_maze_lemuel
D:7:      layout_basic, mainiacjoe_overflow_chevrons, nzn_wu_jian_contemplation,
          temple_statues, serial_corexii_hall, corexii_hall_statues_i,
          corexii_hall_statues_x, gammafunk_ghost_smash

Skill      XL: |  1  2  3  4  5  6  7  8  9 |
---------------+----------------------------+-----
Fighting       | 1 2 3 4 5 6 7 8 |  8.1
Necromancy     | 5 6 7 8 9 |  9.1
Evocations     | 2 3 |  3.3
Spellcasting   | 3 4 |  4.0
Dodging        | |  1.5
Stealth        | |  1.2

Action                   |  1- 3 |  4- 6 |  7- 9 || total
-------------------------+-------+-------+-------++-------
Melee: Unarmed           |     6 |       |       ||     6
       Hand axe          |    71 |    35 |       ||   106
       Tailslap          |     7 |     4 |    20 ||    31
       Whip              |       |    12 |    59 ||    71
       Spear             |       |    11 |   173 ||   184
 Cast: Pain              |     9 |       |       ||     9
       Vampiric Draining |       |       |    11 ||    11
       Animate Dead      |       |       |     1 ||     1
Evoke: Wand              |     2 |    13 |    10 ||    25
  Use: Potion            |       |       |     9 ||     9
       Scroll            |       |       |    15 ||    15
 Stab: Sleeping          |     4 |     1 |       ||     5
Armor: Robe              |    41 |    16 |   100 ||   157
Dodge: Dodged            |    38 |    31 |   129 ||   198

Table legend: (Time is in decaauts)
 A = Elapsed time spent in this place.
 B = Non-inter-level travel time spent in this place.
 C = Inter-level travel time spent in this place.
 D = Time resting spent in this place.
 E = Time spent auto-exploring this place.
 F = Levels seen in this place.
 G = Mean time per level.
                   A        B        C        D        E       F      G
               +--------+--------+--------+--------+--------+-----+--------+
         Total |   8109 |   7805 |    304 |   2486 |   3326 |   7 | 1158.4 |
       Dungeon |   8109 |   7805 |    304 |   2486 |   3326 |   7 | 1158.4 |
               +--------+--------+--------+--------+--------+-----+--------+

Top non-repeatable levels by time:
     D:5: 1961 daAuts
     D:2: 1249 daAuts
     D:6: 1152 daAuts
     D:4: 1132 daAuts
     D:1: 987 daAuts
     D:3: 925 daAuts
     D:7: 700 daAuts
